 Dungeon Crawl Stone Soup version 0.31.0-10-gcf4a605ca0 (webtiles) character file.

Game seed: 1639463140148997683

3130648 Flugkiller the Ruinous (level 27, 194/194 HPs)
             Began as a Gargoyle Earth Elementalist on Jan 25, 2024.
             Was a High Priest of Sif Muna.
             Escaped with the Orb
             ... and 6 runes!
             The game lasted 03:28:17 (104187 turns).

Flugkiller the Ruinous (GrEE)                     Turns: 104187, Time: 03:28:18

Health: 194/194    AC: 36    Str:  7    XL:     27
Magic:  51/51      EV: 26    Int: 39    God:    Sif Muna [*****.]
Gold:   6677       SH:  5    Dex: 15    Spells: 12/66 levels left

rFire   + + .        g - staff of Linearity {rC+ Will+ Str-5 Int+3 Conj}
rCold   + . .        T - +0 buckler of Vehumet, Crafting {Dex+5}
rNeg    + . .        j - +1 leather armour of Mirth {rF++ Int+5 SInv}
rPois   ∞            Z - +2 helmet {Int+3}
rElec   +            f - +2 cloak
rCorr   .            P - +2 pair of gloves
SInv    +            Y - +2 pair of boots
Will    ++++.        i - amulet of guardian spirit
Stlth   +            H - ring of the Hare {EV+10}
HPRegen 0.52/turn    U - ring "Qadaulaj" {Will+ MP+9 Str-4 Int+2}
MPRegen 0.32/turn

%: guardian spirit
@: flying, studying Invocations
A: sickness immunity, AC +20, big wings, negative energy resistance 1,
electricity resistance, torment resistance 1, petrification resistance, low MP
1, robust 1
0: Orb of Zot
}: 6/15 runes: decaying, slimy, silver, golden, abyssal, gossamer
a: Renounce Religion, Channel Magic, Forget Spell, Divine Exegesis


You escaped.
You worshipped Sif Muna.
Sif Muna was extremely pleased with you.
You visited 12 branches of the dungeon, and saw 58 of its levels.
You visited the Abyss 6 times.
You visited 1 bazaar.
You also visited: Bailey, Wizlab and Desolation.

You collected 11699 gold pieces.
You spent 5022 gold pieces at shops.

Inventory:

Hand Weapons
 k - the +8 demon trident "Rift" {distort, reach+}
   (You found it on level 3 of the Tomb of the Ancients)
Missiles
 c - 16 curare-tipped darts
 A - 2 throwing nets
Armour
 f - a +2 cloak (worn)
   (You found it on level 3 of the Dungeon)
 j - the +1 leather armour of Mirth (worn) {rF++ Int+5 SInv}
   (You took it off a deep elf zephyrmancer on level 3 of the Elven Halls)

   Int+5:     It affects your intelligence (+5).
   rF++:      It greatly protects you from fire.
   SInv:      It lets you see invisible.
 m - the +0 helmet of the Distant Future {Fly SInv}
   (You found it on level 2 of the Depths)

   SInv:      It lets you see invisible.
   Fly:       It grants you flight.
 D - the -2 hat of the Alchemist {rElec rPois rF+ rC+ rN+ Will+ rMut rCorr}
   (You bought it in a shop on level 15 of the Dungeon)

   rF+:       It protects you from fire.
   rC+:       It protects you from cold.
   rElec:     It insulates you from electricity.
   rPois:     It protects you from poison rN+: It protects you from negative
   energy.
   Will+:     It increases your willpower.
   rCorr:     It protects you from acid and corrosion.
   rMut:      It protects you from mutation.
 P - a +2 pair of gloves (worn)
   (You found it on level 2 of the Lair of Beasts)
 T - the +0 buckler of Vehumet, Crafting (worn) {Dex+5}
   (You bought it in a shop on level 15 of the Dungeon)

   Dex+5:     It affects your dexterity (+5).
 Y - a +2 pair of boots (worn)
   (You bought it in a shop on level 2 of the Orcish Mines)
 Z - a +2 helmet of intelligence (worn)
   (You found it on level 2 of the Swamp)
Magical Staves
 g - the staff of Linearity (weapon) {rC+ Will+ Str-5 Int+3 Conj}
   (You took it off a deep elf annihilator on level 3 of the Elven Halls)

   [staff of conjuration]

   Base accuracy: +5 Base damage: 5 Base attack delay: 1.2 This weapon's minimum
   attack delay (0.6) is reached at skill level 12.
   Str-5:     It affects your strength (-5).
   Int+3:     It affects your intelligence (+3).
   rC+:       It protects you from cold.
   Will+:     It increases your willpower.
   Conj:      It increases the power of your Conjurations spells.
   It falls into the 'Staves' category.
   It is a one-handed weapon.
 o - the staff "Dragonslayer" {rElec Int+3 Dex+3 Earth}
   (You acquired it on level 1 of the Swamp)

   [staff of earth]

   Base accuracy: +5 Base damage: 5 Base attack delay: 1.2 This weapon's minimum
   attack delay (0.6) is reached at skill level 12.
   Int+3:     It affects your intelligence (+3).
   Dex+3:     It affects your dexterity (+3).
   rElec:     It insulates you from electricity.
   Earth:     It increases the power of your Earth spells.
   It falls into the 'Staves' category.
   It is a one-handed weapon.
Jewellery
 i - an amulet of guardian spirit (around neck)
   (You found it on level 5 of the Lair of Beasts)
 H - the ring of the Hare (left hand) {EV+10}
   (You found it in the Desolation of Salt)

   [ring of evasion]

   EV+10:     It affects your evasion (+10).
 I - the ring "Majishray" {rN+ AC+4 Int+3 Dex+5}
   (You found it on level 1 of the Lair of Beasts)

   [ring of protection]

   AC+4:      It affects your AC (+4).
   Int+3:     It affects your intelligence (+3).
   Dex+5:     It affects your dexterity (+5).
   rN+:       It protects you from negative energy.
 J - the ring "Jyunla" {rF+ MP+9}
   (You took it off a servant of whispers in the Desolation of Salt)

   [ring of magical power]

   rF+:       It protects you from fire.
   MP+9:      It affects your magic capacity (+9).
 K - the ring of Law {rC++ SInv}
   (You found it on level 3 of the Tomb of the Ancients)

   [ring of see invisible]

   rC++:      It greatly protects you from cold.
   SInv:      It lets you see invisible.
 U - the ring "Qadaulaj" (right hand) {Will+ MP+9 Str-4 Int+2}
   (You acquired it on level 2 of the Spider Nest)

   [ring of magical power]

   Str-4:     It affects your strength (-4).
   Int+2:     It affects your intelligence (+2).
   Will+:     It increases your willpower.
   MP+9:      It affects your magic capacity (+9).
Wands
 y - a wand of charming (79)
   (You found it on level 6 of the Dungeon)
 O - a wand of roots (43)
   (You found it on level 11 of the Dungeon)
 Q - a wand of acid (27)
   (You found it on level 1 of the Elven Halls)
 V - a wand of mindburst (29)
   (You found it on level 11 of the Dungeon)
 W - a wand of digging (16)
   (You found it on level 12 of the Dungeon)
Scrolls
 d - 5 scrolls of enchant armour
 l - 2 scrolls of amnesia
 r - a scroll of butterflies
 t - 17 scrolls of teleportation
 u - 10 scrolls of fog
 v - 2 scrolls of fear
 z - 2 scrolls of blinking
 B - 10 scrolls of vulnerability
 C - 11 scrolls of immolation
 L - 10 scrolls of poison
 S - 3 scrolls of revelation
Potions
 a - 4 potions of enlightenment
 b - 6 potions of magic
 e - 6 potions of lignification
 h - 2 potions of haste
 n - 3 potions of resistance
 q - 22 potions of curing
 s - 6 potions of ambrosia
 w - 10 potions of heal wounds
 x - 7 potions of attraction
 G - 7 potions of brilliance
Miscellaneous
 p - a lightning rod (4/4)
   (You found it on level 2 of the Vaults)
 F - a figurine of a ziggurat
 N - a phantom mirror
   (You found it on level 3 of the Crypt)
 R - a box of beasts
   (You found it on level 5 of the Vaults)
 X - a phial of floods
   (You found it on level 3 of the Swamp)


   Skills:
 - Level 19.3 Fighting
 + Level 7.4 Polearms
 - Level 11.0 Dodging
 - Level 2.1 Stealth
 - Level 4.0 Shields
 - Level 20.0 Spellcasting
 - Level 24.0 Conjurations
 - Level 6.8 Summonings
 - Level 24.0 Fire Magic
 - Level 22.0 Earth Magic
 - Level 6.0 Alchemy
 - Level 17.0 Invocations
 - Level 10.0 Evocations


You had 12 spell levels left.
You knew the following spells:

 Your Spells              Type           Power      Damage    Failure   Level
a - Shatter               Erth           59%        3d44*     19%         9
c - Borgnjor's Vile Clut  Necr/Erth      45%        N/A       1%          5
d - Lehudib's Crystal Sp  Conj/Erth      72%        10d16     1%          8
e - Spellforged Servitor  Conj/Summ      63%        N/A       2%          7
g - Fire Storm            Conj/Fire      74%        8d19      9%          9
i - Irradiate             Conj/Alch      62%        3d32      1%          5
q - Apportation           Tloc           78%        N/A       1%          1
r - Blink                 Tloc           78%        N/A       2%          2
I - Ignition              Fire           61%        3d17      1%          8

Your spell library contained the following spells:

 Spells                   Type           Power      Damage    Failure   Level
 Foxfire                  Conj/Fire      100%       2x1d9     0%          1
 Kiss of Death            Conj/Necr      100%       2d13      0%          1
 Magic Dart               Conj           100%       1d8       0%          1
 Sandblast                Erth           100%       2d20      0%          1
 Shock                    Conj/Air       100%       1d9       0%          1
 Sting                    Conj/Alch      100%       1d9       0%          1
 Scorch                   Fire           100%       2d9       0%          2
 Searing Ray              Conj           100%       2d8       0%          2
 Passwall                 Erth           100%       N/A       0%          3
 Stone Arrow              Conj/Erth      100%       3d13      0%          3
 Brom's Barrelling Bould  Conj/Erth      100%       2d11      0%          4
 Flame Wave               Conj/Fire      100%       2d21      0%          4
 Fireball                 Conj/Fire      74%        3d28      0%          5
 Iskenderun's Battlesphe  Conj           100%       2d15      0%          5
 Lee's Rapid Deconstruct  Erth           59%        3d27*     0%          5
 Starburst                Conj/Fire      74%        6d19      0%          6
 Freeze                   Ice            100%       1d10      1%          1
 Necrotise                Necr           100%       1d9       1%          1
 Slow                     Hex            100%       N/A       1%          1
 Summon Small Mammal      Summ           100%       N/A       1%          1
 Call Imp                 Summ           100%       N/A       1%          2
 Mercury Vapours          Alch/Air       100%       N/A       1%          2
 Momentum Strike          Conj/Tloc      100%       3d10      1%          2
 Static Discharge         Conj/Air       100%       3-8/arc   1%          2
 Call Canine Familiar     Summ           75%        N/A       1%          3
 Dazzling Flash           Conj/Hex       100%       N/A       1%          3
 Hailstorm                Conj/Ice       100%       3d16      1%          3
 Inner Flame              Hex/Fire       93%        N/A       1%          3
 Mephitic Cloud           Conj/Alch/Air  100%       N/A       1%          3
 Summon Ice Beast         Ice/Summ       60%        N/A       1%          3
 Volatile Blastmotes      Fire/Tloc      100%       2d18      1%          3
 Animate Armour           Summ/Erth      100%       N/A       1%          4
 Fulminant Prism          Conj/Alch      62%        3d26      1%          4
 Ignite Poison            Fire/Alch      100%       N/A       1%          4
 Iskenderun's Mystic Bla  Conj/Tloc      100%       2d19      1%          4
 Leda's Liquefaction      Alch/Erth      49%        N/A       1%          4
 Olgreb's Toxic Radiance  Alch           72%        N/A       1%          4
 Petrify                  Alch/Erth      99%        N/A       1%          4
 Sticky Flame             Fire/Alch      100%       2d15      1%          4
 Summon Blazeheart Golem  Fire/Summ      100%       N/A       1%          4
 Arcjolt                  Conj/Air       57%        1d67      1%          5
 Freezing Cloud           Conj/Ice/Air   50%        6-21      1%          5
 Bombard                  Conj/Erth      72%        9d12      1%          6
 Conjure Ball Lightning   Conj/Air       57%        3x3d21    1%          6
 Plasma Beam              Fire/Air       46%        2x1d61    1%          6
 Orb of Destruction       Conj           74%        9d17      1%          7
 Ensorcelled Hibernation  Hex/Ice        78%        N/A       2%          2
 Jinxbite                 Hex            78%        N/A       2%          2
 Lesser Beckoning         Tloc           78%        N/A       2%          2
 Alistair's Intoxication  Alch           48%        N/A       3%          5
 Confusing Touch          Hex            39%        N/A       4%          3
 Frozen Ramparts          Ice            78%        1d12      4%          3
 Fugue of the Fallen      Necr           39%        N/A       4%          3
 Gell's Gravitas          Tloc           39%        N/A       4%          3
 Ozocubu's Armour         Ice            39%        N/A       4%          3
 Sigil of Binding         Hex            39%        N/A       4%          3
 Swiftness                Air            39%        N/A       4%          3
 Teleport Other           Tloc           39%        N/A       4%          3
 Tukima's Dance           Hex            39%        N/A       4%          3
 Vampiric Draining        Necr           39%        2d8       4%          3
 Martyr's Knell           Necr/Summ      60%        N/A       4%          4
 Summon Lightning Spire   Summ/Air       60%        N/A       4%          4
 Summon Forest            Summ/Tloc      30%        N/A       11%         5
 Summon Mana Viper        Hex/Summ       60%        N/A       11%         5
 Yara's Violent Unravell  Hex/Alch       29%        3d12      13%         5
 Airstrike                Air            19%        2d(3-19)  16%         4
 Anguish                  Hex/Necr       19%        N/A       16%         4
 Animate Dead             Necr           39%        N/A       16%         4
 Cause Fear               Hex            19%        N/A       16%         4
 Dimensional Bullseye     Hex/Tloc       19%        N/A       16%         4
 Dispel Undead            Necr           39%        3d16      16%         4
 Manifold Assault         Tloc           39%        N/A       16%         4
 Passage of Golubria      Tloc           39%        N/A       16%         4
 Vhi's Electric Charge    Tloc/Air       78%        N/A       16%         4
 Summon Cactus Giant      Summ           37%        N/A       16%         6
 Eringya's Noxious Bog    Alch           36%        4d6       21%         6
 Curse of Agony           Necr           39%        N/A       41%         5
 Metabolic Englaciation   Hex/Ice        19%        N/A       41%         5
 Silence                  Hex/Air        19%        N/A       41%         5
 Sculpt Simulacrum        Ice/Alch       29%        N/A       56%         6
 Monstrous Menagerie      Summ           37%        N/A       63%         7
 Summon Hydra             Summ           37%        N/A       63%         7
 Death Channel            Necr           19%        N/A       94%         6
 Dispersal                Tloc           19%        N/A       94%         6
 Haunt                    Necr/Summ      30%        N/A       98%         7
 Malign Gateway           Summ/Tloc      30%        N/A       98%         7
 Enfeeble                 Hex            19%        N/A       100%        7
 Ozocubu's Refrigeration  Ice            19%        4d11      100%        7
 Borgnjor's Revivificati  Necr           19%        N/A       100%        8
 Discord                  Hex            19%        N/A       100%        8
 Disjunction              Tloc           19%        N/A       100%        8
 Infestation              Necr           19%        N/A       100%        8
 Maxwell's Capacitive Co  Air            19%        ∞         100%        8
 Summon Horrible Things   Summ           37%        N/A       100%        8
 Chain Lightning          Conj/Air       57%        3d76      100%        9
 Death's Door             Necr           19%        N/A       100%        9
 Dragon's Call            Summ           37%        N/A       100%        9
 Polar Vortex             Ice            19%        12d2*     100%        9
 Cigotuvi's Dreadful Rot  Necr/Alch/Air  Unusable   N/A       N/A         2

Dungeon Overview and Level Annotations

Branches:
Dungeon (15/15)            Temple (0/1) D:5            Lair (5/5) D:8
  Swamp (4/4) Lair:2       Spider (4/4) Lair:3        Slime (5/5) Lair:4
    Orc (2/2) D:10            Elf (3/3) Orc:2        Vaults (5/5) D:14
  Crypt (3/3) Vaults:2       Tomb (3/3) Crypt:3      Depths (4/4) D:15
    Zot (5/5) Depths:4     Bailey (visited)          WizLab (visited)
Desolation (visited)

Altars:
Cheibriados
Dithmenos
Fedhas
Gozag
Hepliaklqana
Kikubaaqudgha
Makhleb
Qazlal
Ru
Sif Muna
Uskayaw
Vehumet
Wu Jian
Xom
Yredelemnul
Zin
The Shining One
Jiyva
Lugonu

Shops:
D:8 [   D:11 !   D:13 (   D:15 :*![[   Orc:2 [*[:   Elf:1 [   Vaults:1 :
Vaults:2 (   Vaults:3 (=[=   Vaults:4 [

Portals:
Hell: Depths:2 Depths:4
Abyss: Depths:2 Depths:3 Depths:4
Pandemonium: Depths:1 Depths:2 Depths:4
Ziggurat: Depths:4
Trove: Elf:2 (give +6 demon whip)

Annotations:
D:7 2 transporters, 1 runed translucent door, dakkaduck's ghost, novice MiBe
Lair:3 Rupert; Urug
Spider:2 Roxanne
Elf:2 3 runed translucent doors
Elf:3 1 exclusion
Vaults:3 4 transporters
Tomb:1 exclusion: downstairs


Innate Abilities, Weirdness & Mutations

You are immune to sickness and miasma.
Your stone body is resilient. (AC +20)
You are immune to poison.
Your large and strong wings let you fly.
You resist negative energy. (rN+)
You are resistant to electric shocks. (rElec)
You are resistant to unholy torment.
You are immune to petrification.
Your magical capacity is low. (-10% MP)
You are robust. (+10% HP)


Message History

The lich seems to speed up.
Casting: Lehudib's Crystal Spear (mildly dangerous; 1% risk of failure)
Confirm with . or Enter, or press ? or * to list all spells.
Aiming: Lehudib's Crystal Spear (mildly dangerous; 1% risk of failure)
Press: ? - help, Shift-Dir - straight line, f/p - Bocon
Aim: Bocon (severely wounded, 32% to hit)
You feel a surge of power!
The crystal spear hits Bocon!!!!
Bocon is almost dead.
Bocon hits you!! Bocon drags you backwards!
A hellion comes into view.
The lich touches you but does no damage.
You block Bocon's attack.
Casting: Lehudib's Crystal Spear (mildly dangerous; 1% risk of failure)
Confirm with . or Enter, or press ? or * to list all spells.
Aiming: Lehudib's Crystal Spear (mildly dangerous; 1% risk of failure)
Press: ? - help, Shift-Dir - straight line, f/p - Bocon
Aim: Bocon (almost dead, 32% to hit)
You feel a surge of power!
The crystal spear hits Bocon!!!
You kill Bocon!
Sif Muna accepts your kill. The lich closely misses you.
The lich conjures a glowing orb.
Your Polearms skill increases to level 7!
An orb of destruction comes into view.
The lich points at you and mumbles some strange words.
The bolt of cold hits you!! You resist.
The wavering orb of destruction hits the hellion!!!
The hellion is blown up!
Unknown command.
Casting: Lehudib's Crystal Spear (mildly dangerous; 1% risk of failure)
Confirm with . or Enter, or press ? or * to list all spells.
You don't have enough magic to cast this spell.
Casting: Lehudib's Crystal Spear (mildly dangerous; 1% risk of failure)
Confirm with . or Enter, or press ? or * to list all spells.
You feel a surge of power!
You erupt in a fountain of uncontrolled magic!
The lich is blasted with magical radiation!!!
The lich is severely damaged.
You are very lightly contaminated with residual magic.
The lich points at you and mumbles some strange words.
The bolt of cold misses you.
The lich touches you but does no damage.
You hit the lich but do no damage.
The lich is severely damaged.
You block the lich's attack.
You hit the lich but do no damage.
You blast the lich!
The lich is severely damaged.
The lich completely misses you.
The lich touches you but does no damage.
You barely miss the lich.
The lich is severely damaged.
The lich touches you but does no damage.
You hit the lich but do no damage.
You blast the lich!!
You destroy the lich!
Sif Muna accepts your kill.
There is a stone staircase leading up here.
You fly upwards.
There is a stone staircase leading down here.
What level of the Dungeon? (default 1, ? - help)
A rust devil comes into view.
There is a stone staircase leading up here.
You feel less invigorated.
You fly upwards.
There is a stone staircase leading down here.
Your magical contamination has completely faded away.
There is an open door here.
You see here a +0 leather armour.
There is a stone staircase leading up here.
You fly upwards.
There is a stone staircase leading down here.
You see here a jackal skeleton.
You see here a jackal skeleton.
Magic restored.
There is a stone staircase leading up here.
You fly upwards.
There is a stone staircase leading down here.
A toenail golem comes into view.
Casting: Irradiate (safe; 1% risk of failure)
Confirm with . or Enter, or press ? or * to list all spells.
Aiming: Lehudib's Crystal Spear (mildly dangerous; 1% risk of failure)
Press: ? - help, Shift-Dir - straight line, f - toenail golem
Aim: a toenail golem (95% to hit)
You feel a surge of power!
The crystal spear hits the toenail golem!!!!
You destroy the toenail golem!
Sif Muna accepts your kill.
There is a stone staircase leading up here.
You fly upwards.
There is a stone staircase leading down here.
Things that are here:
a stone; a +0 dagger Magic restored.
There is a stone staircase leading up here.
You fly upwards.
There is a stone staircase leading down here.
HP restored.
There is a staircase leading out of the dungeon here.
Unknown command.
Enter note: gg You have escaped!

#.#######.....#
..........###.#
##.##.....# #.#######
#.##.....# #..#....#
#........# ##......#
#####....)###..#....#
.#####....#...#######
....##......###...#
.##.##........#.@.#
.##....#.#..###...#
.###.....#........#
).##..........>...#
#.##.....##.......#
#.........#.###...#
..#...........#...#
####..........#...#
..##..........#...#


There were no monsters in sight!

Vanquished Creatures
  the Royal Jelly (Slime:5)
  Dissolution (Slime:3)
  8 ancient liches
  Khufu (Crypt:3)
  4 orbs of fire (Zot:5)
  27 royal mummies
  2 pandemonium lords
  4 Killer Klowns (Zot:5)
  Boris (thrice) (Vaults:5 Depths:2 Depths:4)
  A Head Instructor (WizLab)
  Saint Roka (Vaults:4)
  5 golden dragons
  2 curse toes
  A profane servitor (Abyss:3)
  A bone dragon (Crypt:3)
  5 electric golems
  3 doom hounds (Depths:4)
  Zenata (Crypt:3)
  Jorgrun (D:15)
  27 Orb Guardians
  8 liches
  2 titans (Vaults:5)
  A deep elf blademaster (Elf:3)
  12 tentacled monstrosities
  2 deep elf master archers (Elf:3)
  The ghost of Kare Xaoge the Bludgeoner, an adept DgSh (Vaults:1)
  A sphinx (Tomb:1)
  23 acid blobs
  3 tentacled starspawn
  7 death cobs
  2 quicksilver dragons
  2 ancient champions
  An Executioner (Zot:5)
  4 protean progenitors
  Donald (Slime:3)
  11 storm dragons
  2 thorn hunters (Swamp:3)
  5 tengu reavers
  6 shadow dragons
  4 fire giants
  3 revenants
  2 draconian monks (Zot:5)
  14 rockslimes
  2 draconian knights
  3 frost giants
  11 azure jellies
  2 draconian shifters
  A caustic shrike zombie (Crypt:2)
  2 deep elf sorcerers
  An imperial myrmidon (Desolation)
  2 draconian scorchers
  8 ghost moths
  9 vault wardens
  An emperor scorpion (Spider:4)
  2 deep elf elementalists (Elf:3)
  9 quicksilver oozes
  9 very ugly things
  7 ghouls
  3 spriggan defenders
  A reaper (Zot:3)
  An angel (Zot:2)
  An orc warlord (Vaults:4)
  11 ironbound preservers
  A formless jellyfish (Slime:5)
  A broodmother (Spider:2)
  3 draconian annihilators
  A draconian stormcaller (Zot:4)
  5 ironbound thunderhulks
  4 deep elf death magi
  9 green draconians
  5 vampire knights
  7 stone giants
  6 deep elf demonologists
  Nessos (D:15)
  2 eleionomae
  3 black draconians
  4 red draconians
  9 bennus
  2 demonspawn black suns (Zot:2)
  Azrael (Elf:1)
  3 dire elephants
  10 purple draconians
  10 yellow draconians
  A lorocyproca (Zot:2)
  4 spark wasps
  2 minotaurs (Zot:4)
  3 war gargoyles
  8 white draconians
  2 crystal guardians
  8 bunyips
  3 fire dragons
  14 mummy priests
  A green death (Zot:1)
  5 ragged hierophants (Desolation)
  4 ettins
  12 jiangshi
  4 yaktaur captains
  A deep elf high priest (Vaults:5)
  3 entropy weavers
  9 great orbs of eyes
  A hell beast (Depths:2)
  2 rakshasas
  19 vault guards
  4 spriggan air magi
  8 ice dragons
  A catoblepas (Lair:3)
  11 hydras
  5 ironbound frosthearts
  A ghost crab (Lair:2)
  5 ogre magi
  5 peacekeepers
  8 centaur warriors
  13 two-headed ogres
  A bennu zombie (Crypt:2)
  A radroach (Spider:4)
  A death knight (Crypt:3)
  8 alligators
  5 boulder beetles
  7 dancing weapons
  5 deep troll shamans
  A sphinx skeleton (Vaults:3)
  A deep troll earth mage (Depths:2)
  3 hell hogs (D:15)
  3 spriggan berserkers
  3 tengu warriors (Depths:2)
  20 death scarabs
  3 occultists
  2 thrashing horrors
  An orc high priest (Vaults:4)
  5 vampire magi
  A spectral emperor scorpion (Spider:4)
  Sonja (Lair:3)
  3 demonic crawlers (Spider:1)
  8 deep elf knights
  A sun demon (Depths:2)
  A titan skeleton (Crypt:2)
  3 wretched stars
  2 hell knights (Crypt:3)
  3 shadow wraiths (Crypt:3)
  3 iron trolls (Depths:4)
  13 skeletal warriors
  A spatial maelstrom (Abyss:7)
  A fire crab (Lair:5)
  4 skysharks
  5 pharaoh ants
  A glowing orange brain (shapeshifter) (D:15)
  A sea snake (shapeshifter) (Depths:2)
  A sixfirhy (Zot:2)
  8 goliath frogs
  4 bog bodies
  An orb spider (Spider:3)
  6 arcanists
  3 spriggan druids
  A sun moth (Spider:2)
  A spectral death yak (Lair:2)
  8 swamp dragons
  2 mana vipers (WizLab)
  5 glowing orange brains
  A swamp dragon (shapeshifter) (Depths:2)
  A spectral anaconda (Crypt:3)
  35 deep trolls
  8 deep elf archers
  14 ironbound convokers
  3 harpies (Vaults:5)
  20 deep elf pyromancers
  6 lindwurms
  2 starcursed masses (Abyss:3)
  A golden dragon skeleton (Tomb:3)
  8 phantasmal warriors
  4 orc knights
  2 orange crystal statues (Abyss:3)
  3 steelbarb worms
  5 nameless horrors
  15 deep elf zephyrmancers
  A goliath frog zombie (Crypt:2)
  2 necromancers
  2 broodmother zombies (Spider:4)
  Maurice (D:7)
  A spectral wolf spider (Spider:4)
  15 wolf spiders
  An orc sorcerer (Orc:1)
  A tengu skeleton (Depths:1)
  5 oklob plants (Lair:4)
  5 cyclopes
  45 ugly things
  5 shining eyes
  6 meliai
  13 moths of wrath
  6 will-o-the-wisps
  A manticore (D:13)
  A centaur zombie (Tomb:1)
  2 stone giant skeletons
  A worldbinder (Abyss:7)
  4 large abominations
  3 black mambas
  An eye of devastation (Slime:1)
  A kobold blastminer (Orc:2)
  A toenail golem (D:3)
  13 vault sentinels
  A fire giant skeleton (Depths:1)
  A guardian serpent (Desolation)
  A naga mage (WizLab)
  A torpor snail (shapeshifter) (Vaults:5)
  11 elephants
  2 torpor snails
  3 gargoyles (D:11)
  12 cane toads
  A smoke demon (Abyss:3)
  An unseen horror (D:10)
  A spectral redback (Spider:4)
  A yaktaur zombie (Vaults:3)
  4 rime drakes
  2 hellions
  13 yaktaurs
  7 freezing wraiths
  A kobold demonologist (Elf:1)
  An efreet (D:15)
  18 komodo dragons
  2 redback zombies
  A tengu conjurer (Depths:4)
  An ice devil (Zot:1)
  3 ancient zymes
  34 guardian mummies
  15 hornets
  5 polar bears
  A spectral culicivora (Spider:4)
  4 spectral jumping spiders (Spider:4)
  A spectral tarantella (Spider:4)
  10 trolls
  13 tarantellas
  4 glass eyes
  14 tyrant leeches
  A spectral elephant (Lair:2)
  9 blink frogs
  A dream sheep (Lair:5)
  3 tarantella zombies (Spider:4)
  2 jumping spider zombies
  19 saltlings (Desolation)
  92 slime creatures
  A spectral black mamba (Lair:2)
  8 jumping spiders
  10 culicivoras
  A ynoxinul (Abyss:7)
  2 vampires
  3 air elementals
  2 ettin zombies
  24 spriggans
  4 shadows
  6 small abominations
  5 wraiths
  5 fire elementals
  A satyr skeleton (Crypt:2)
  5 wyverns
  6 basilisks
  38 yaks
  20 ushabtiu (Tomb:3)
  Eustachio (D:5)
  A water elemental (Elf:2)
  8 golden eyes
  5 neqoxecs
  2 steam dragons
  31 redbacks
  A human simulacrum (Vaults:3)
  12 swamp worms
  7 vampire mosquitoes
  5 swamp worm simulacra (Swamp:4)
  A harpy simulacrum (Crypt:3)
  6 wargs
  A swamp worm (shapeshifter) (Vaults:5)
  6 hell hounds
  4 acid dragons
  14 water moccasins
  A water nymph skeleton (Crypt:1)
  13 hydra simulacra
  A spectral yak (Lair:2)
  7 black bears
  A sky beast (D:6)
  An ice beast (shapeshifter) (D:14)
  18 orc warriors
  2 swamp drakes
  A spectral blink frog (Lair:2)
  15 laughing skulls
  26 ogres
  5 boggarts
  7 centaurs
  29 wolves
  4 phantoms
  A hog skeleton (Crypt:2)
  Blork the orc (D:6)
  11 bullfrogs
  A gnoll sergeant (D:10)
  3 weeping skulls (Crypt:3)
  7 necrophages
  4 earth elementals
  A human skeleton (Vaults:3)
  10 wights
  11 scorpions
  A burial acolyte (Crypt:3)
  8 killer bees
  A spriggan zombie (Crypt:2)
  A shapeshifter skeleton (Crypt:1)
  9 howler monkeys
  A bombardier beetle (D:6)
  4 jellies
  20 orc priests
  A sleepcap (D:5)
  6 hounds
  4 iguanas
  3 gnoll boudas
  21 orc wizards
  7 hell rats (Lair:2)
  16 mummies
  2 howler monkey zombies (D:8)
  6 adders
  23 gnolls
  A shadow imp (D:5)
  A white imp (D:7)
  2 swamp drake simulacra (Swamp:4)
  2 ribbon worms
  A dart slug (D:4)
  97 orcs
  7 endoplasms
  4 giant cockroaches
  2 goblins
  2 hobgoblins (D:1)
  8 jackals
  2 quokkas
  4 ball pythons
  5 bats
  A frilled lizard (D:2)
  A jackal skeleton (Crypt:1)
  9 kobolds
  5 rats
  An aspiring flesh (Zot:4)
  A lurking horror (Abyss:4)
  2 starspawn tentacles
2019 creatures vanquished.

Vanquished Creatures (collateral kills)
  5 royal mummies
  Sojobo (Vaults:4)
  Bai Suzhen (Swamp:4)
  Boris (Tomb:1)
  A profane servitor (Crypt:3)
  A golden dragon (Vaults:5)
  Grunn (Depths:4)
  The ghost of suomimenusko the Severer, an adept NaFi of Cheibriados (Swamp:3)
  3 liches
  A deep elf blademaster (Elf:3)
  3 titans (Vaults:5)
  Mlioglotl (Spider:4)
  3 tentacled monstrosities
  6 sphinxes
  A quicksilver dragon (WizLab)
  An Executioner (Abyss:3)
  An ancient champion (Crypt:3)
  2 acid blobs
  A thorn hunter (Swamp:3)
  Aizul (Swamp:3)
  5 shadow dragons (Vaults:5)
  3 storm dragons (Vaults:5)
  3 tengu reavers
  2 revenants (Tomb:1)
  A frost giant (Vaults:5)
  2 fire giants (Vaults:5)
  2 imperial myrmidons (Desolation)
  10 vault wardens
  A curse skull (Crypt:2)
  A quicksilver ooze (Slime:5)
  3 deep elf elementalists (Elf:3)
  A deep elf sorcerer (Elf:3)
  2 ghouls
  8 ironbound preservers
  A draconian annihilator (Abyss:7)
  3 ironbound thunderhulks
  3 stone giants (Vaults:5)
  A very ugly thing (Vaults:2)
  2 vampire knights
  6 deep elf demonologists
  4 deep elf death magi
  A bennu (Tomb:1)
  A black draconian (Depths:4)
  6 deep elf annihilators
  A halazid warlock (Desolation)
  9 dire elephants
  2 war gargoyles
  A white draconian (Zot:4)
  10 mummy priests (Tomb:1)
  2 eidola
  2 crystal guardians (Desolation)
  6 jiangshi
  A fire dragon (Depths:4)
  2 deep elf high priests (Vaults:5)
  4 yaktaur captains
  2 ragged hierophants (Desolation)
  A hydra (Swamp:4)
  3 entropy weavers
  3 great orbs of eyes
  16 vault guards
  An ice dragon (Swamp:3)
  3 peacekeepers
  3 servants of whispers (Desolation)
  A spriggan air mage (WizLab)
  An ogre mage (WizLab)
  2 ironbound frosthearts
  A death knight (Crypt:3)
  2 jorogumos
  4 dancing weapons
  A boulder beetle (Spider:2)
  A radroach (Spider:1)
  The ghost of tsouns the Slicer, a journeyman KoGl of Dithmenos (Lair:1)
  An alligator (Swamp:4)
  6 death scarabs
  2 demonic crawlers
  A torpor snail (shapeshifter) (Vaults:5)
  2 hell knights (WizLab)
  An emperor scorpion zombie (Crypt:2)
  11 deep elf knights
  A wretched star (Abyss:3)
  15 skeletal warriors
  A deep troll (shapeshifter) (Vaults:5)
  3 orb spiders
  A sixfirhy (Abyss:3)
  2 pharaoh ants
  A salamander mystic (WizLab)
  A goliath frog (Swamp:4)
  A swamp dragon (shapeshifter) (Vaults:2)
  21 deep trolls
  2 lindwurms
  A shadow demon (Abyss:3)
  3 ironbound convokers
  A mana viper (WizLab)
  3 phantasmal warriors (Crypt:2)
  4 arcanists
  3 flayed ghosts
  4 deep elf archers
  A sun moth (Spider:1)
  A steelbarb worm (Spider:3)
  4 orc knights (Vaults:4)
  2 harpies (Vaults:5)
  10 deep elf pyromancers
  5 necromancers
  6 deep elf zephyrmancers
  2 orc sorcerers
  8 ugly things
  6 wolf spiders
  A shining eye (Slime:5)
  3 meliai (Spider:2)
  4 moths of wrath
  5 slime creatures
  6 vault sentinels
  2 large abominations
  A smoke demon (Abyss:7)
  A dire elephant skeleton (Abyss:3)
  2 torpor snails
  An alligator snapping turtle zombie (Crypt:2)
  A spectral redback (Spider:4)
  5 yaktaurs
  2 freezing wraiths
  9 guardian mummies
  An ancient zyme (Abyss:3)
  A spectral culicivora (Spider:4)
  2 iron troll skeletons (Crypt:1)
  A moth of wrath zombie (Crypt:2)
  12 tarantellas
  A harpy skeleton (Crypt:2)
  12 saltlings (Desolation)
  15 jumping spiders
  9 culicivoras
  A shadow (Crypt:3)
  2 ynoxinuls
  A golden eye (Slime:3)
  3 wraiths
  A fire elemental (Elf:3)
  26 redbacks
  A swamp worm simulacrum (Swamp:4)
  3 hell hounds
  A swamp drake (Swamp:3)
  15 laughing skulls
  5 small abominations
  3 ogres (Vaults:2)
  3 starcursed masses (Abyss:3)
  3 necrophages
  3 burial acolytes (Crypt:3)
  A bullfrog zombie (Crypt:1)
  2 quasits (Abyss:3)
  A sky beast zombie (Crypt:2)
  A hound zombie (Crypt:1)
  9 mummies
  A white imp (Abyss:3)
  An orc zombie (Crypt:1)
  4 starspawn tentacles
519 creatures vanquished.

Vanquished Creatures (others)
  Louise (D:15)
  A deep elf knight (Elf:3)
  A hellion (D:7)
  2 bloated husks
  A gnoll (D:7)
  243 fire vortices
  6 foxfires (Swamp:2)
  4 starspawn tentacles
259 creatures vanquished.

Grand Total: 2797 creatures vanquished

Notes
Turn   | Place    | Note
-------+----------+-------------------------------------------
     0 | D:1      | Flugkiller the Gargoyle Earth Elementalist began the quest
                  | for the Orb.
     0 | D:1      | Reached XP level 1. HP: 10/10 MP: 3/3
   119 | D:1      | Reached XP level 2. HP: 15/15 MP: 3/5
   566 | D:2      | Reached XP level 3. HP: 19/19 MP: 0/7
   649 | D:2      | Identified the +0 robe of Xiss {Str+6}
  1028 | D:2      | Reached XP level 4. HP: 13/24 MP: 3/8
  1030 | D:2      | Reached skill level 5 in Earth Magic
  1627 | D:3      | Found a shimmering altar of Xom.
  1627 | D:3      | Found a hide-covered altar of Uskayaw.
  1627 | D:3      | Found a glowing silver altar of Zin.
  1627 | D:3      | Found a hazy altar of Hepliaklqana.
  1628 | D:3      | Found an opulent altar of Gozag.
  1628 | D:3      | Found a sacrificial altar of Ru.
  1633 | D:3      | Reached XP level 5. HP: 14/28 MP: 5/10
  1670 | D:3      | Found a burning altar of Makhleb.
  1670 | D:3      | Found a shadowy altar of Dithmenos.
  1670 | D:3      | Found a shimmering blue altar of Sif Muna.
  1694 | D:3      | Became a worshipper of Sif Muna the Loreminder
  2125 | D:4      | Noticed an ogre
  2134 | D:4      | Killed an ogre
  2135 | D:4      | Reached XP level 6. HP: 31/32 MP: 6/12
  2382 | D:4      | Learned a level 3 spell: Stone Arrow
  2608 | D:4      | Reached XP level 7. HP: 36/36 MP: 9/14
  2647 | D:4      | Found an ornate altar of the Wu Jian Council.
  2654 | D:4      | Found an ancient bone altar of Kikubaaqudgha.
  2674 | D:5      | Entered Level 5 of the Dungeon
  2738 | D:5      | Found a staircase to the Ecumenical Temple.
  2818 | D:5      | Noticed Eustachio
  2920 | D:5      | Reached skill level 5 in Spellcasting
  3145 | D:5      | Reached * piety under Sif Muna
  3245 | D:5      | Reached XP level 8. HP: 33/41 MP: 9/16
  3652 | D:5      | Killed Eustachio
  3653 | D:5      | Reached skill level 5 in Conjurations
  3771 | D:5      | Found the +7 Throatcutter {drain, coup de grace}
  4000 | D:6      | Noticed Blork the orc
  4002 | D:6      | Killed Blork the orc
  4095 | D:6      | Reached ** piety under Sif Muna
  4096 | D:6      | Reached XP level 9. HP: 45/45 MP: 12/18
  4181 | D:6      | Reached skill level 10 in Earth Magic
  4396 | D:6      | Found a snail-covered altar of Cheibriados.
  4652 | D:7      | Noticed a troll
  4653 | D:7      | Noticed a cyan ugly thing
  4653 | D:7      | Noticed a cyan ugly thing
  4654 | D:7      | Found a corrupted altar of Lugonu.
  4654 | D:7      | Noticed an unseen horror
  4655 | D:7      | Noticed a white ugly thing
  4681 | D:7      | Noticed Maurice
  4686 | D:7      | Killed Maurice
  4687 | D:7      | Reached skill level 1 in Alchemy
  4945 | D:6      | Reached XP level 10. HP: 33/56 MP: 6/20
  5129 | D:7      | Found a transporter.
  5129 | D:7      | Noticed a cyan ugly thing
  5131 | D:7      | Found a transporter.
  5269 | D:7      | Found a runed translucent door.
  5460 | D:7      | Noticed dakkaduck's ghost (novice MiBe)
  5600 | D:8      | Reached *** piety under Sif Muna
  5771 | D:8      | Found Diset's Armour Shoppe.
  5812 | D:8      | Found a basalt altar of Yredelemnul.
  6436 | D:8      | Found a staircase to the Lair.
  6613 | D:9      | Found a flagged portal.
  6622 | Bailey   | Entered a bailey
  6637 | Bailey   | Reached **** piety under Sif Muna
  6742 | Bailey   | Noticed a two-headed ogre
  6769 | Bailey   | Killed a two-headed ogre
  6770 | Bailey   | Reached skill level 10 in Conjurations
  6791 | Bailey   | Identified the +5 quarterstaff of Distraction {speed, Dex+8
                  | Stlth+}
  6802 | Bailey   | Reached skill level 5 in Alchemy
  7095 | D:9      | Found a stormy altar of Qazlal.
  7182 | D:9      | Found a glowing golden altar of the Shining One.
  7259 | D:9      | Learned a level 5 spell: Irradiate
  7302 | D:9      | Reached XP level 11. HP: 60/60 MP: 21/23
  7321 | D:9      | Noticed a cyclops
  7330 | D:9      | Killed a cyclops
  7341 | D:9      | Noticed a deep elf pyromancer
  7764 | D:9      | Killed a deep elf pyromancer
  8188 | D:10     | Entered Level 10 of the Dungeon
  8435 | D:10     | Identified a scroll of acquirement
  8617 | D:10     | Reached skill level 5 in Fighting
  8815 | D:10     | Reached ***** piety under Sif Muna
  9018 | D:10     | Found a staircase to the Orcish Mines.
  9423 | D:11     | Found Yluj's Distillery.
  9706 | D:11     | Reached skill level 10 in Spellcasting
  9738 | D:11     | Bought a potion of heal wounds for 55 gold pieces
  9738 | D:11     | Bought a potion of heal wounds for 55 gold pieces
  9861 | D:11     | Noticed a two-headed ogre
  9912 | D:11     | Killed a two-headed ogre
  9913 | D:11     | Reached skill level 5 in Dodging
  9913 | D:11     | Reached XP level 12. HP: 56/68 MP: 10/26
 10566 | Lair:1   | Entered Level 1 of the Lair of Beasts
 10592 | Lair:1   | Reached skill level 1 in Invocations
 11331 | Lair:1   | Received a gift from Sif Muna
 11334 | Lair:1   | Got Sif Muna's Volume of Turbulence and Impulse {god gift}
 11500 | Lair:1   | Identified the +1 spear of Qeff {flame, +Blink Will+ Dex+3}
 11520 | Lair:1   | Found a runed translucent door.
 11520 | Lair:1   | Found a shimmering altar of Xom.
 11520 | Lair:1   | Noticed tsouns's ghost (journeyman KoGl)
 12380 | Lair:2   | Reached XP level 13. HP: 72/72 MP: 13/27
 13465 | Lair:2   | Found a staircase to the Swamp.
 13828 | Lair:3   | Noticed Sonja
 13838 | Lair:3   | Killed Sonja
 14113 | Lair:3   | Noticed Rupert
 14197 | Lair:3   | Noticed Urug
 14260 | Lair:3   | Found a hole to the Spider Nest.
 15572 | Lair:4   | Found a staircase to the Slime Pits.
 15573 | Lair:4   | Found a viscous altar of Jiyva.
 15592 | Lair:4   | Identified the +1 robe of Spite {Rampage Will- rCorr Int+7}
 15792 | Lair:4   | Gained mutation: Your large and strong wings let you fly.
                  | [Gargoyle growth]
 15792 | Lair:4   | Reached XP level 14. HP: 67/78 MP: 24/28
 16269 | Lair:5   | Entered Level 5 of the Lair of Beasts
 16465 | Lair:5   | Received a gift from Sif Muna
 16468 | Lair:5   | Got Ikliuf's Notes on Voltage and Blasts {god gift}
 16874 | Lair:5   | Reached skill level 15 in Earth Magic
 18400 | D:12     | Reached skill level 15 in Conjurations
 18692 | D:12     | Found a shadowy altar of Dithmenos.
 19605 | D:13     | Found Wuagry's Antique Weapon Boutique.
 20943 | D:14     | Found a gate to the Vaults.
 21351 | D:14     | Received a gift from Sif Muna
 21352 | D:14     | Got Affeig's Lectures on Frostbitten Space {god gift}
 21365 | D:14     | Reached XP level 15. HP: 67/82 MP: 9/29
 21372 | D:14     | HP: 3/82 [red ugly thing (22)]
 22074 | D:15     | Entered Level 15 of the Dungeon
 22127 | D:15     | Found Monaut's Book Shop.
 22128 | D:15     | Found Vethrus's General Store.
 22267 | D:15     | Found Wax Esk's Armour Shop.
 22282 | D:15     | Learned a level 5 spell: Borgnjor's Vile Clutch
 22291 | D:15     | Learned a level 8 spell: Lehudib's Crystal Spear
 22296 | D:15     | Noticed Nessos
 22692 | D:15     | Noticed Louise
 22851 | D:15     | Found Lystasas's Distillery.
 22861 | D:15     | Bought a potion of heal wounds for 80 gold pieces
 22861 | D:15     | Bought a potion of heal wounds for 80 gold pieces
 22936 | D:15     | Found Giecro's Armour Shop.
 23471 | D:15     | Found a staircase to the Depths.
 23694 | D:15     | Noticed Jorgrun
 24019 | D:15     | Killed Nessos
 24187 | Orc:1    | Entered Level 1 of the Orcish Mines
 25014 | Orc:2    | Entered Level 2 of the Orcish Mines
 25688 | Orc:2    | Received a gift from Sif Muna
 26435 | Orc:2    | Found Hoet's Armour Boutique.
 26438 | Orc:2    | Found Ovac Ipe's Antique Armour Shoppe.
 26441 | Orc:2    | Found Woh Baome's General Store.
 26442 | Orc:2    | Found Dusof's Book Emporium.
 27115 | Orc:2    | Found a staircase to the Elven Halls.
 27243 | Orc:2    | Reached XP level 16. HP: 69/87 MP: 24/30
 27570 | Orc:2    | Bought a book of Power for 714 gold pieces
 27578 | Orc:2    | Learned a level 7 spell: Spellforged Servitor
 27580 | Orc:2    | Acquired 836 gold pieces
 27587 | Orc:2    | Bought a +2 pair of boots for 231 gold pieces
 27603 | Orc:2    | Bought Asummenn's Opusculum on Wild Invitation for 782 gold
                  | pieces
 27823 | Swamp:1  | Entered Level 1 of the Swamp
 28115 | Swamp:1  | Acquired the staff "Dragonslayer" {rElec Int+3 Dex+3 Earth}
 28326 | Swamp:1  | Reached skill level 1 in Summonings
 29264 | Swamp:1  | Learned a level 6 spell: Bombard
 29268 | Swamp:2  | Reached ****** piety under Sif Muna
 30318 | Swamp:3  | Found a transporter.
 30403 | Swamp:3  | Found a transporter.
 30403 | Swamp:3  | Noticed suomimenusko's ghost (adept NaFi)
 30404 | Swamp:3  | Noticed a tentacled monstrosity
 30404 | Swamp:3  | Noticed a thorn hunter
 30443 | Swamp:3  | Noticed a thorn hunter
 30500 | Swamp:3  | Noticed a tentacled monstrosity
 30528 | Swamp:3  | Noticed a thorn hunter
 30676 | Swamp:3  | Killed a thorn hunter
 30824 | Swamp:3  | Received a gift from Sif Muna
 30825 | Swamp:3  | Got Haman's Vellum of Topography {god gift}
 31034 | Swamp:3  | Killed a thorn hunter
 32271 | Swamp:3  | Identified the serpent talisman of Lugonu's Approval {rN+
                  | Dex+3}
 32271 | Swamp:3  | Noticed Aizul
 32283 | Swamp:3  | Killed Aizul
 33393 | Swamp:4  | Entered Level 4 of the Swamp
 33829 | Swamp:4  | Noticed a tentacled monstrosity
 33977 | Swamp:4  | Killed a tentacled monstrosity
 34257 | Swamp:3  | Reached XP level 17. HP: 101/101 MP: 19/32
 34286 | Swamp:3  | Found a transporter.
 34813 | Swamp:3  | Reached skill level 10 in Fighting
 35260 | Swamp:4  | Reached skill level 5 in Summonings
 35407 | Swamp:4  | Noticed Bai Suzhen
 35435 | Swamp:4  | Killed Bai Suzhen
 35443 | Swamp:4  | Received a gift from Sif Muna
 37246 | Spider:1 | Entered Level 1 of the Spider Nest
 37730 | Spider:1 | Received a gift from Sif Muna
 37731 | Spider:1 | Got Sif Muna's Almanac of Baneful Accomplices {god gift}
 39585 | Spider:1 | Reached skill level 1 in Fire Magic
 40959 | Spider:2 | Received a gift from Sif Muna
 40983 | Spider:2 | Noticed Roxanne
 41502 | Spider:2 | Acquired the ring "Qadaulaj" {Will+ MP+9 Str-4 Int+2}
 42088 | Spider:3 | Reached XP level 18. HP: 107/107 MP: 30/34
 43159 | Spider:4 | Entered Level 4 of the Spider Nest
 43173 | Spider:4 | Received a gift from Sif Muna
 43175 | Spider:4 | Got Ciagyim's Elucidation of Conjury and Snow {god gift}
 43598 | Spider:4 | Noticed Mlioglotl
 43605 | Spider:4 | Killed Mlioglotl
 44736 | Spider:4 | Reached skill level 5 in Fire Magic
 45102 | Spider:4 | Received a gift from Sif Muna
 45653 | Elf:1    | Entered Level 1 of the Elven Halls
 45653 | Elf:1    | Noticed Azrael
 45653 | Elf:1    | Found a radiant altar of Vehumet.
 45861 | Elf:1    | Killed Azrael
 46056 | Elf:1    | Paralysed by an air elemental for 1 turns
 47122 | Elf:1    | Found Fosedd's Antique Armour Shoppe.
 47196 | Elf:1    | Bought a pitted helmet for 351 gold pieces
 47196 | Elf:1    | Identified the +0 helmet of Midsummer {rElec rC- Int+2
                  | Stlth+} (You bought it in a shop on level 1 of the Elven
                  | Halls)
 47558 | Elf:2    | Reached XP level 19. HP: 112/112 MP: 37/37
 48111 | Elf:2    | Paralysed by an air elemental for 1 turns
 48189 | Elf:2    | Reached skill level 15 in Spellcasting
 48192 | Elf:2    | Paralysed by an air elemental for 1 turns
 48669 | Elf:2    | Found a portal to a secret trove of treasure.
 48819 | Elf:2    | Received a gift from Sif Muna
 48823 | Elf:2    | Got Sif Muna's Elucidation of Scree and the Tincture {god
                  | gift}
 49027 | Elf:2    | Found a runed translucent gate.
 49029 | Elf:2    | Found a runed translucent gate.
 49034 | Elf:2    | Found a runed translucent gate.
 49170 | Elf:3    | Entered Level 3 of the Elven Halls
 49273 | Elf:3    | Found a magical portal.
 49290 | WizLab   | Entered Yara's Duelist Academy
 49658 | WizLab   | Noticed Susontefal
 49667 | WizLab   | Killed Susontefal the Head Instructor
 50590 | Elf:3    | Got Rolluadi's Papyrus of Lithomancy and Shifting
 51357 | Elf:3    | Identified the +1 leather armour of Mirth {rF++ Int+5 SInv}
 51747 | Elf:3    | Identified the ring of Yganuap {rC- rN+ Str+7}
 51802 | Elf:3    | Identified the +4 spear of Lies {drain, Dex+7 Stlth-}
 52179 | Elf:3    | Received a gift from Sif Muna
 52180 | Elf:3    | Got Sif Muna's Vellum of Phantasmal Necromancy {god gift}
 52350 | Elf:3    | Identified the staff of Linearity {rC+ Will+ Str-5 Int+3
                  | Conj}
 52372 | Elf:3    | Reached XP level 20. HP: 104/117 MP: 24/40
 52626 | Elf:3    | Reached skill level 10 in Fire Magic
 52665 | Elf:3    | Got Sif Muna's Anthology of Inflammable Dark Magic
 52773 | Elf:3    | Identified the +0 helmet "Wehim" {Harm rElec Regen+ SInv}
 52775 | Elf:3    | Identified the staff of Coracuh {rC+ Dex+2 Ice}
 53085 | D:15     | Bought the -2 hat of the Alchemist {rElec rPois rF+ rC+ rN+
                  | Will+ rMut rCorr} for 660 gold pieces
 53085 | D:15     | Found the -2 hat of the Alchemist {rElec rPois rF+ rC+ rN+
                  | Will+ rMut rCorr}
 53085 | D:15     | Bought the +0 buckler of Vehumet, Crafting {Dex+5} for 308
                  | gold pieces
 53238 | D:15     | Killed Jorgrun
 53239 | D:15     | Reached skill level 1 in Shields
 54489 | D:15     | Bought a scroll of fog for 60 gold pieces
 54489 | D:15     | Bought a potion of curing for 45 gold pieces
 54543 | D:15     | Bought a potion of lignification for 48 gold pieces
 54658 | D:11     | Bought a potion of haste for 110 gold pieces
 54929 | Swamp:3  | Killed suomimenusko's ghost
 54957 | Swamp:3  | Identified the +2 helmet of Philately {Str-5 Dex+4}
 54967 | Swamp:3  | Identified the +12 falchion of a Gauntlet {venom, rPois
                  | Str+2 SInv Stlth-}
 55262 | Lair:1   | Killed tsouns's ghost
 55264 | Lair:1   | Identified the ring "Majishray" {rN+ AC+4 Int+3 Dex+5}
 55483 | Orc:2    | Bought a transparent orb for 364 gold pieces
 55483 | Orc:2    | Identified the orb of Adatep {light, Harm Dex-2 SInv Ice}
                  | (You bought it in a shop on level 2 of the Orcish Mines)
 55661 | Vaults:1 | Entered Level 1 of the Vaults
 55674 | Vaults:1 | Found Beofem's Book Shoppe.
 56024 | Vaults:1 | Found a runed translucent door.
 56024 | Vaults:1 | Found a shimmering altar of Xom.
 56024 | Vaults:1 | Noticed Kare Xaoge's ghost (adept DgSh)
 57527 | Vaults:1 | Received a gift from Sif Muna
 57529 | Vaults:1 | Got Sif Muna's Essays on Transforming Correspondence {god
                  | gift}
 58054 | Vaults:1 | Killed Kare Xaoge's ghost
 58636 | Vaults:2 | Found a crumbling gateway.
 58703 | Desolati | Entered the Desolation of Salt
 58719 | Desolati | Reached skill level 5 in Invocations
 59032 | Desolati | Reached XP level 21. HP: 122/122 MP: 23/41
 59034 | Desolati | Identified the ring "Jyunla" {rF+ MP+9}
 59168 | Desolati | Found the ring of the Hare {EV+10}
 59170 | Desolati | Identified the +0 pair of gloves of the Evening {rC++ Str-3
                  | Int+2}
 59426 | Desolati | Received a gift from Sif Muna
 59645 | Desolati | Identified the +0 robe of Entitlement {*Slow rPois rC+++
                  | Regen+}
 59652 | Desolati | Identified the ring "Qaexod" {rF- rC++ SInv}
 60430 | Vaults:2 | Identified the +4 ring mail of Okawaru, Usurping {Slay+3}
 60442 | Vaults:2 | Noticed an ancient lich
 60449 | Vaults:2 | Killed an ancient lich
 61189 | Vaults:2 | Found a staircase to the Crypt.
 61324 | Vaults:2 | Found Wemnye's Antique Weapon Shoppe.
 61526 | Vaults:3 | Received a gift from Sif Muna
 61529 | Vaults:3 | Got Sif Muna's Papyrus of Lofty Combustion {god gift}
 61715 | Vaults:3 | Identified the ring of Ekeocyoh {Fire *Corrode rN+ Int+2}
 61754 | Vaults:3 | Found Bynegil's Jewellery Boutique.
 61795 | Vaults:3 | Found Plog's Armour Shop.
 61816 | Vaults:3 | Found a transporter.
 61816 | Vaults:3 | You are sucked into a shaft and drop 1 floor!
 62772 | Vaults:4 | Noticed Saint Roka
 62786 | Vaults:4 | Killed Saint Roka
 63274 | Vaults:4 | Received a gift from Sif Muna
 63751 | Vaults:4 | Reached XP level 22. HP: 127/127 MP: 38/42
 63943 | Vaults:4 | Noticed Sojobo
 64165 | Vaults:3 | Found a transporter.
 64166 | Vaults:3 | Found a transporter.
 64180 | Vaults:3 | Found a transporter.
 64217 | Vaults:3 | Found a transporter.
 64345 | Vaults:3 | Reached skill level 10 in Invocations
 64619 | Vaults:3 | Reached skill level 15 in Fire Magic
 64630 | Vaults:3 | Received a gift from Sif Muna
 64633 | Vaults:3 | Got Sif Muna's Tractate on the Grim Blaze {god gift}
 65368 | Vaults:3 | Found Wekirih's Jewellery Shop.
 65396 | Vaults:3 | Found Gakkex's Weapon Boutique.
 65826 | Vaults:4 | Killed Sojobo
 65918 | Vaults:4 | Found Kiphiefa's Armour Emporium.
 66238 | Crypt:1  | Entered Level 1 of the Crypt
 66406 | Crypt:1  | Found a basalt altar of Yredelemnul.
 67382 | Crypt:1  | Received a gift from Sif Muna
 67882 | Crypt:2  | Learned a level 8 spell: Ignition
 69448 | Crypt:2  | Received a gift from Sif Muna
 69583 | Crypt:3  | Entered Level 3 of the Crypt
 70243 | Crypt:3  | Found an ancient bone altar of Kikubaaqudgha.
 70524 | Crypt:3  | Reached XP level 23. HP: 117/132 MP: 8/43
 70868 | Crypt:3  | Noticed Zenata
 70880 | Crypt:3  | Killed Zenata
 72065 | Crypt:3  | Learned a level 9 spell: Fire Storm
 72101 | Crypt:3  | Received a gift from Sif Muna
 72396 | Crypt:3  | Identified the staff of Woimy {rC+ Int+3 Dex+5 Stlth- Ice}
 72454 | Crypt:3  | Found a staircase to the Tomb.
 72454 | Crypt:3  | Noticed Khufu
 72463 | Crypt:3  | Killed Khufu
 72671 | Tomb:1   | Entered Level 1 of the Tomb of the Ancients
 72945 | Tomb:1   | Noticed Boris
 72948 | Tomb:1   | Killed Boris
 72955 | Tomb:1   | Identified the +6 scale mail of the Volcano {Int+5}
 73481 | Tomb:1   | Received a gift from Sif Muna
 73483 | Tomb:1   | Got Hegics Origh's Cyclopedia of Enchanted Leadership {god
                  | gift}
 74282 | Tomb:1   | Noticed a royal mummy
 74315 | Tomb:1   | Killed a royal mummy
 75339 | Vaults:5 | Entered Level 5 of the Vaults
 75932 | Vaults:5 | Received a gift from Sif Muna
 75933 | Vaults:5 | Got Sif Muna's Atlas of Frost and Battle Magic {god gift}
 75941 | Vaults:5 | Noticed a golden dragon
 76015 | Vaults:5 | Killed a golden dragon
 76016 | Vaults:5 | Reached XP level 24. HP: 137/137 MP: 27/43
 76525 | Vaults:5 | Identified the +0 battleaxe "Fithrol" {flame, *Slow +Blink
                  | rF- rCorr}
 76701 | Vaults:5 | Noticed Boris
 76705 | Vaults:5 | Killed Boris
 77317 | Vaults:5 | Noticed an ancient lich
 77327 | Vaults:5 | Killed an ancient lich
 78615 | Vaults:5 | Found Esase's Distillery.
 78726 | Vaults:5 | Received a gift from Sif Muna
 78729 | Vaults:5 | Got Sif Muna's Anthology of the Liminal Nimbus {god gift}
 79207 | Vaults:5 | Learned a level 9 spell: Shatter
 79621 | Crypt:3  | Gained mutation: Armour fits poorly on your strangely
                  | shaped body. [mutagenic glow]
 79802 | Tomb:1   | Noticed a royal mummy
 79805 | Tomb:1   | Killed a royal mummy
 80024 | Tomb:1   | Noticed a royal mummy
 80024 | Tomb:1   | Noticed a royal mummy
 80028 | Tomb:1   | Killed a royal mummy
 80028 | Tomb:1   | Killed a royal mummy
 80161 | Tomb:1   | Noticed a royal mummy
 80164 | Tomb:1   | Killed a royal mummy
 80251 | Tomb:1   | Noticed a royal mummy
 80254 | Tomb:1   | Killed a royal mummy
 80354 | Tomb:1   | Noticed a royal mummy
 80354 | Tomb:1   | Noticed a royal mummy
 80358 | Tomb:1   | Killed a royal mummy
 80358 | Tomb:1   | Killed a royal mummy
 80494 | Tomb:1   | Noticed a royal mummy
 80497 | Tomb:1   | Killed a royal mummy
 80578 | Tomb:1   | Noticed a royal mummy
 80581 | Tomb:1   | Killed a royal mummy
 80590 | Tomb:1   | Noticed a royal mummy
 80593 | Tomb:1   | Killed a royal mummy
 80594 | Tomb:1   | Reached XP level 25. HP: 101/146 MP: 11/43
 80600 | Tomb:1   | Noticed a royal mummy
 80604 | Tomb:1   | Killed a royal mummy
 80770 | Tomb:1   | Noticed a royal mummy
 80778 | Tomb:1   | Killed a royal mummy
 80890 | Tomb:1   | Noticed a royal mummy
 80893 | Tomb:1   | Killed a royal mummy
 80931 | Tomb:1   | Noticed a royal mummy
 80933 | Tomb:1   | Killed a royal mummy
 80945 | Tomb:1   | Noticed a royal mummy
 80949 | Tomb:1   | Killed a royal mummy
 81080 | Tomb:1   | Noticed a royal mummy
 81082 | Tomb:1   | Killed a royal mummy
 81088 | Tomb:1   | Noticed a royal mummy
 81090 | Tomb:1   | Killed a royal mummy
 81112 | Tomb:1   | Noticed a royal mummy
 81116 | Tomb:1   | Killed a royal mummy
 81193 | Tomb:1   | Noticed a royal mummy
 81199 | Tomb:1   | Killed a royal mummy
 81335 | Tomb:1   | Noticed a royal mummy
 81341 | Tomb:1   | Killed a royal mummy
 81652 | Tomb:1   | Noticed a royal mummy
 81655 | Tomb:1   | Killed a royal mummy
 81712 | Tomb:1   | Noticed a royal mummy
 81715 | Tomb:1   | Killed a royal mummy
 82589 | Tomb:2   | Learned a level 1 spell: Apportation
 82592 | Tomb:2   | Learned a level 2 spell: Blink
 82592 | Tomb:2   | Lost mutation: Armour fits poorly on your strangely shaped
                  | body. [potion of mutation]
 82592 | Tomb:2   | Gained mutation: You are clumsy. (Dex -2) [potion of
                  | mutation]
 82592 | Tomb:2   | Gained mutation: Your muscles are strong. (Str +4, Int/Dex
                  | -1) [potion of mutation]
 82603 | Tomb:2   | Lost mutation: You are clumsy. (Dex -2) [potion of
                  | mutation]
 82603 | Tomb:2   | Lost mutation: Your muscles are strong. (Str +4, Int/Dex
                  | -1) [potion of mutation]
 82603 | Tomb:2   | Gained mutation: Your muscles are strong. (Str +4, Int/Dex
                  | -1) [potion of mutation]
 82608 | Tomb:3   | Entered Level 3 of the Tomb of the Ancients
 82621 | Tomb:3   | Noticed a royal mummy
 82634 | Tomb:3   | Killed a royal mummy
 82634 | Tomb:3   | Noticed a royal mummy
 82639 | Tomb:3   | Killed a royal mummy
 82652 | Tomb:3   | Noticed a royal mummy
 82655 | Tomb:3   | Noticed a royal mummy
 82657 | Tomb:3   | Killed a royal mummy
 82658 | Tomb:3   | Killed a royal mummy
 82663 | Tomb:3   | Noticed a royal mummy
 82666 | Tomb:3   | Reached skill level 15 in Fighting
 82666 | Tomb:3   | Killed a royal mummy
 82671 | Tomb:3   | Noticed a royal mummy
 82673 | Tomb:3   | Killed a royal mummy
 82674 | Tomb:3   | Noticed a royal mummy
 82675 | Tomb:3   | Noticed a royal mummy
 82676 | Tomb:3   | Killed a royal mummy
 82679 | Tomb:3   | Killed a royal mummy
 82993 | Tomb:3   | Noticed a royal mummy
 82996 | Tomb:3   | Killed a royal mummy
 83190 | Tomb:3   | Got a golden rune of Zot
 83348 | Tomb:3   | Found the +8 demon trident "Rift" {distort, reach+}
 83392 | Tomb:3   | Identified the ring of Law {rC++ SInv}
 83399 | Tomb:3   | Identified the +0 trident of Dismay {antimagic, Will+
                  | Dex+4}
 83432 | Tomb:3   | Identified the +1 leather armour of Death Resistance {rN+
                  | Dex-4 SInv}
 83452 | Tomb:3   | Identified the staff "Ovoeh" {Str+3 Earth}
 84409 | D:15     | Found Wax Esk's Armour Shop.
 84419 | D:15     | Found Giecro's Armour Shop.
 84437 | D:15     | Found Lystasas's Distillery.
 84579 | Abyss:3  | Cast into level 3 of the Abyss (Louise)
 84674 | Abyss:3  | Found a glowing golden altar of the Shining One.
 84714 | Abyss:3  | Found a corrupted altar of Lugonu.
 84972 | Abyss:3  | Found a corrupted altar of Lugonu.
 85100 | Abyss:3  | Found a corrupted altar of Lugonu.
 85122 | Abyss:3  | Found a corrupted altar of Lugonu.
 85126 | Abyss:3  | Reached XP level 26. HP: 164/164 MP: 44/44
 85163 | Abyss:3  | Got an abyssal rune of Zot
 85168 | D:15     | Escaped the Abyss
 85180 | D:15     | Killed Louise
 85555 | Vaults:5 | Got a silver rune of Zot
 86372 | Spider:4 | Got a gossamer rune of Zot
 86699 | Swamp:4  | Got a decaying rune of Zot
 87009 | Slime:1  | Entered Level 1 of the Pits of Slime
 87292 | Slime:3  | Gained mutation: You sometimes lose your temper in combat.
                  | [a shining eye]
 87299 | Slime:3  | Noticed Dissolution
 87302 | Slime:3  | Noticed Donald
 87304 | Slime:3  | Killed Dissolution
 87308 | Slime:3  | Killed Donald
 87591 | Slime:4  | Gained mutation: You occasionally lose the ability to read
                  | scrolls when taking damage. [a shining eye]
 87593 | Slime:4  | Gained mutation: Your magical capacity is low. (-10% MP) [a
                  | shining eye]
 87893 | Slime:4  | Gained mutation: Your body sometimes deteriorates upon
                  | taking damage. [a shining eye]
 88259 | Slime:5  | Entered Level 5 of the Pits of Slime
 88884 | Slime:5  | Noticed the Royal Jelly
 88887 | Slime:5  | Killed the Royal Jelly
 89447 | Slime:5  | Identified the staff "Adyf Tum" {rC- rN+++ Will- Dex+7
                  | Earth}
 89456 | Slime:5  | Identified the +0 leather armour "Qefiamer" {rPois}
 89459 | Slime:5  | Identified the +8 chain mail of Reasonable Mirth {rElec
                  | rPois}
 89464 | Slime:5  | Got a slimy rune of Zot
 90031 | D:15     | Found Vethrus's General Store.
 90035 | D:15     | Found Monaut's Book Shop.
 90230 | D:15     | Found a staircase to the Depths.
 90546 | Depths:1 | Entered Level 1 of the Depths
 90648 | Depths:1 | Found a one-way gate leading to the halls of Pandemonium.
 90861 | Depths:2 | Noticed Boris
 90863 | Depths:2 | Killed Boris
 91204 | D:15     | Lost mutation: You occasionally lose the ability to read
                  | scrolls when taking damage. [potion of mutation]
 91204 | D:15     | Lost mutation: Your body sometimes deteriorates upon taking
                  | damage. [potion of mutation]
 91204 | D:15     | Gained mutation: You are frail. (-10% HP) [potion of
                  | mutation]
 91204 | D:15     | Gained mutation: A frigid envelope surrounds you and
                  | freezes all who hurt you. [potion of mutation]
 91205 | D:15     | Lost mutation: You are frail. (-10% HP) [potion of
                  | mutation]
 91205 | D:15     | Lost mutation: Your muscles are strong. (Str +4, Int/Dex
                  | -1) [potion of mutation]
 91205 | D:15     | Lost mutation: A frigid envelope surrounds you and freezes
                  | all who hurt you. [potion of mutation]
 91205 | D:15     | Gained mutation: You are partially covered in iridescent
                  | scales. (AC +2) [potion of mutation]
 91205 | D:15     | Gained mutation: Your body sometimes deteriorates upon
                  | taking damage. [potion of mutation]
 91205 | D:15     | Lost mutation: You sometimes lose your temper in combat.
                  | [potion of mutation]
 91205 | D:15     | Gained mutation: You are robust. (+10% HP) [potion of
                  | mutation]
 91694 | Depths:2 | Found a sacrificial altar of Ru.
 92091 | Depths:2 | Reached skill level 1 in Evocations
 92742 | Depths:2 | Reached XP level 27. HP: 186/190 MP: 21/42
 92766 | Depths:2 | Identified the +0 helmet of the Distant Future {Fly SInv}
 92800 | Depths:2 | Found a one-way gate to the infinite horrors of the Abyss.
 92856 | Depths:2 | Found a gateway to Hell.
 93367 | Depths:4 | Entered Level 4 of the Depths
 93367 | Depths:4 | Found a one-way gateway to a ziggurat.
 93376 | Depths:4 | Found a blossoming altar of Fedhas.
 93725 | Depths:4 | Noticed Grunn
 93728 | Depths:4 | Killed Grunn
 93792 | Depths:4 | Found a flickering gateway to a bazaar.
 93842 | Bazaar   | Entered a bazaar
 93856 | Bazaar   | Found Aprinoze's General Store.
 93872 | Bazaar   | Found Patokk's Weapon Emporium.
 93887 | Bazaar   | Found Iwoidd's Armour Shoppe.
 93887 | Bazaar   | Found Binu's Armour Emporium.
 93960 | Bazaar   | Bought a scroll of fear for 68 gold pieces
 93960 | Bazaar   | Bought a scroll of acquirement for 884 gold pieces
 93960 | Bazaar   | Bought a scroll of revelation for 127 gold pieces
 93960 | Bazaar   | Acquired a manual of Invocations
 94167 | Depths:4 | Reached skill level 5 in Evocations
 94193 | Depths:4 | Noticed Boris
 94204 | Depths:4 | Killed Boris
 94908 | Depths:4 | Found a hide-covered altar of Uskayaw.
 95085 | Depths:4 | Found a gate to the Realm of Zot.
 95318 | Zot:1    | Entered Level 1 of the Realm of Zot
 95557 | Zot:3    | Reached skill level 10 in Dodging
 98195 | Zot:5    | Entered Level 5 of the Realm of Zot
 99816 | Zot:5    | Noticed an ancient lich
 99816 | Zot:5    | Noticed an ancient lich
 99816 | Zot:5    | Noticed an orb of fire
 99819 | Zot:5    | Killed an ancient lich
 99822 | Zot:5    | Killed an orb of fire
 99830 | Zot:5    | Killed an ancient lich
 99830 | Zot:5    | Noticed an ancient lich
 99834 | Zot:5    | Reached skill level 10 in Evocations
 99836 | Zot:5    | Killed an ancient lich
100197 | Zot:5    | Noticed an ancient lich
100200 | Zot:5    | Killed an ancient lich
100525 | Zot:5    | Identified the +4 ring mail "Lul Xiwk" {Dex+4}
100544 | Zot:5    | Noticed an ancient lich
100546 | Zot:5    | Killed an ancient lich
100877 | Zot:5    | Reached skill level 15 in Invocations
101052 | Zot:5    | Noticed an orb of fire
101054 | Zot:5    | Gained mutation: Armour fits poorly on your strangely
                  | shaped body. [an orb of fire]
101058 | Zot:5    | Lost mutation: Your magical capacity is low. (-10% MP) [an
                  | orb of fire]
101065 | Zot:5    | Killed an orb of fire
101443 | Zot:5    | Noticed an orb of fire
101447 | Zot:5    | Killed an orb of fire
101937 | Zot:5    | Noticed an orb of fire
101941 | Zot:5    | Killed an orb of fire
102019 | Zot:5    | Noticed an ancient lich
102023 | Zot:5    | Killed an ancient lich
102180 | Zot:1    | Gained mutation: Potions are less effective at restoring
                  | your health. [mutagenic glow]
102193 | Zot:1    | Gained mutation: You are weak. (Str -2) [mutagenic glow]
102208 | Zot:1    | Gained mutation: Your spells are a little easier to cast,
                  | but a little less powerful. [mutagenic glow]
102459 | Depths:4 | Lost mutation: You are weak. (Str -2) [potion of mutation]
102459 | Depths:4 | Lost mutation: Armour fits poorly on your strangely shaped
                  | body. [potion of mutation]
102459 | Depths:4 | Lost mutation: Your spells are a little easier to cast, but
                  | a little less powerful. [potion of mutation]
102459 | Depths:4 | Gained mutation: You are occasionally teleported next to
                  | monsters. [potion of mutation]
102460 | Depths:4 | Lost mutation: Your body sometimes deteriorates upon taking
                  | damage. [potion of mutation]
102460 | Depths:4 | Lost mutation: You are partially covered in iridescent
                  | scales. (AC +2) [potion of mutation]
102460 | Depths:4 | Lost mutation: You are robust. (+10% HP) [potion of
                  | mutation]
102460 | Depths:4 | Gained mutation: You have sharp toenails. [potion of
                  | mutation]
102460 | Depths:4 | Gained mutation: Armour fits poorly on your strangely
                  | shaped body. [potion of mutation]
102460 | Depths:4 | Gained mutation: You sometimes lose your temper in combat.
                  | [potion of mutation]
102461 | Depths:4 | Lost mutation: Potions are less effective at restoring your
                  | health. [potion of mutation]
102461 | Depths:4 | Lost mutation: You have sharp toenails. [potion of
                  | mutation]
102461 | Depths:4 | Lost mutation: You sometimes lose your temper in combat.
                  | [potion of mutation]
102461 | Depths:4 | Lost mutation: You are occasionally teleported next to
                  | monsters. [potion of mutation]
102461 | Depths:4 | Gained mutation: You occasionally lose the ability to read
                  | scrolls when taking damage. [potion of mutation]
102462 | Depths:4 | Lost mutation: You occasionally lose the ability to read
                  | scrolls when taking damage. [potion of mutation]
102462 | Depths:4 | Lost mutation: Armour fits poorly on your strangely shaped
                  | body. [potion of mutation]
102462 | Depths:4 | Gained mutation: Your mind is acute. (Int +4, Str/Dex -1)
                  | [potion of mutation]
102462 | Depths:4 | Gained mutation: You are robust. (+10% HP) [potion of
                  | mutation]
102524 | Depths:4 | Voluntarily entered the Abyss.
102537 | Depths:4 | Escaped the Abyss
102539 | Depths:4 | Voluntarily entered the Abyss.
102551 | Depths:4 | Escaped the Abyss
102553 | Depths:4 | Voluntarily entered the Abyss.
102563 | Depths:4 | Escaped the Abyss
102565 | Depths:4 | Voluntarily entered the Abyss.
102744 | Abyss:5  | Found a corrupted altar of Lugonu.
102751 | Abyss:5  | Lost mutation: Your mind is acute. (Int +4, Str/Dex -1)
                  | [mutagenic glow]
102769 | Abyss:5  | Gained mutation: Your magical capacity is low. (-10% MP)
                  | [mutagenic glow]
102770 | Abyss:5  | Reached skill level 1 in Polearms
102787 | Depths:4 | Escaped the Abyss
102904 | Depths:4 | Voluntarily entered the Abyss.
102913 | Abyss:7  | Entered Level 7 of the Abyss
102955 | Depths:4 | Escaped the Abyss
103578 | Zot:5    | Got the Orb of Zot
103650 | Zot:3    | Noticed Nousesor the pandemonium lord
103654 | Zot:3    | Killed Nousesor the pandemonium lord
103655 | Zot:3    | Reached skill level 5 in Polearms
104057 | D:7      | Noticed Bocon the pandemonium lord
104063 | D:7      | Killed Bocon the pandemonium lord
104186 | D:1      | gg
104187 | D:$      | Escaped with the Orb!

Illustrated notes

#.#######.....#
..........###.#
##.##.....# #.#######
#.##.....# #..#....#
#........# ##......#
#####....)###..#....#
.#####....#...#######
....##......###...#
.##.##........#.@.#
.##....#.#..###...#
.###.....#........#
).##..........>...#
#.##.....##.......#
#.........#.###...#
..#...........#...#
####..........#...#
..##..........#...#


Turn 104186 on D:1: gg

Levels and vault maps discovered:
D:1:      amcnicky_arrival_blooded_trapdoor, layout_rooms, feat_on_display
D:2:      layout_loops_ring, kennysheep_generic_room_12
D:3:      layout_loops_ring, nicolae_overflows_in_rows
D:4:      layout_rooms, amethyst_overflow_temple_binary
D:5:      layout_basic, minmay_temple_entry_statues_pillars, sword_in_stone
D:6:      layout_loops_ring, cheibriados_altar_1, kennysheep_generic_room_13,
          uniq_blork_the_orc
D:7:      gammafunk_corrupted_shrine, layout_rooms, gammafunk_ghost_grave,
          uniq_maurice
D:8:      mumra_celtic_spiral_tile, layout_rooms,
          lemuel_zombie_altar_yredelemnul, david_lair_shrubbed, special_room
          [special_room_orc], serial_shops, nicolae_shop_tiny_glass
D:9:      kennysheep_blocky_room, layout_basic, old_standard_altar,
          mainiacjoe_overflow_paths, enter_bailey_2
D:10:     layout_basic, erik_orc_4
D:11:     layout_long_grid, serial_shops, shop
D:12:     layout_loops_ring, nicolae_dithmenos_through_a_glass_darkly
D:13:     layout_stronghold, serial_shops, shop_statue
D:14:     layout_small_grid, hellmonk_vaults_attempted_burglary,
          chequers_serial_rivers_micro_e
D:15:     gammafunk_enter_depths_forms, layout_stronghold, serial_shops, shop,
          shop, nicolae_shop_trees, nicolae_shop_window_shopping, shop,
          nrook_campfire, minmay_misc_feat_tower, uniq_jorgrun, uniq_nessos,
          uniq_louise
Lair:1:   layout_regular_city, ebering_ghost_xom, grunt_megastairs_5,
          serial_bayou_shore_b
Lair:2:   layout_small_grid, nicolae_swamp_entry_spooky,
          infiniplex_staircase_pool_2, serial_bayou_shore_b
Lair:3:   layout_gridlike, nicolae_spider_entry_non_spiders, uniq_rupert,
          uniq_urug, uniq_sonja
Lair:4:   layout_roguey, minmay_slime_entry_oklob_open, dpeg_oklob_1,
          grunt_megastairs_3
Lair:5:   minmay_lair_end_enchanted_forest, layout_regular_city
Swamp:1:  layout_basic_swamp, evilmike_swamp_ruin_rubble_1,
          nicolae_swamp_decorative_isthmus
Swamp:2:  layout_basic_swamp, evilmike_swamp_ruin_house_3,
          nicolae_swamp_tree_isthmus, infiniplex_staircase_pool
Swamp:3:  nzn_winding_woodlands_three_and_one
          [nzn_winding_woodlands_5x15_lazy_stream,
          nzn_winding_woodlands_5x15_sidewinder,
          nzn_winding_woodlands_5x15_longhouse,
          nzn_winding_woodlands_center_lodge], layout_basic_swamp,
          gammafunk_ghost_arena, evilmike_swamp_ruin_house_1, swamp_pool_1_2,
          hangedman_swamp_double_dragon, uniq_aizul
Swamp:4:  swamp_icy, layout_basic_swamp, uniq_bai_suzhen
Spider:1: layout_chambers
Spider:2: layout_spider_delve, nicolae_spider_some_kinda_spiderbox, uniq_roxanne
Spider:3: layout_cave_pods
Spider:4: floodkiller_spider_rune_tomb, uniq_mlioglotl
Slime:1:  layout_caves
Slime:2:  layout_caves
Slime:3:  layout_caves, uniq_donald, uniq_dissolution
Slime:4:  layout_caves
Slime:5:  slime_pit_nicolae_royal_road_to_ruin
Orc:1:    layout_caves, basic_altar
Orc:2:    st_orc_open, layout_caves, blackcustard_mines_bat_river
Elf:1:    layout_geoelf_octagon, serial_shops, shop, basic_altar,
          hangedman_elf_disciples, uniq_azrael
Elf:2:    nicolae_elf_blades_splatter_lattice
          [nicolae_vaults_blade_armed_guards], layout_loops_ring,
          nicolae_trove_entry_path_of_doom
Elf:3:    grunt_elf_hall_diamonds, layout_gridlike, mu_enter_wizlab_6,
          grunt_ministairs_11, hangedman_elven_crosses_minicolossus
Vaults:1: ebering_ghost_xom, nicolae_vaults_trapezoid_layered,
          vaults_standard_mumra_enter_the_diamond, v_rooms_3,
          nicolae_vaults_stepped_doors, v_misc_28, nicolae_vaults_apartment_1,
          vaults_dpeg_ring, nicolae_vaults_tetromino_Z_2, vaults_room_grid,
          vaults_mumra_hexcomb, ontoclasm_vaults_chip,
          layout_vaults_chaotic_city, serial_shops, nicolae_shop_mannequins
Vaults:2: portal_desolation_entry_twin_temple, nicolae_vaults_hallways_thing,
          vaults_room_semicircle, nicolae_vaults_tetromino_Z_2,
          nicolae_vaults_enemy_cabinets, nicolae_vaults_double_plus_2,
          nicolae_vaults_asterisk, nicolae_vaults_diagonal_hallway_7,
          hangedman_vaults_impose, minmay_crypt_entry_simple_statues,
          nicolae_vaults_gold_heap, layout_vaults_omnicross, serial_shops,
          nicolae_lakefront_shop
Vaults:3: nicolae_vaults_circle_grid_a, nicolae_vaults_tetromino_Z_1,
          hangedman_vaults_locks, nicolae_vaults_turnstiles,
          ontoclasm_vaults_ring_square, nicolae_vaults_door_testing_chamber,
          gammafunk_the_bubble [the_bubble_gammafunk_roulette],
          hangedman_vaults_variations, v_misc_26,
          nicolae_vaults_surprise_closet, nicolae_vaults_shelves_hall,
          layout_vaults_omnibox, serial_shops, shop, nicolae_shop_gaudy_bauble,
          nicolae_shop_bloodbath_and_beyond, nicolae_shop_tiny_waterfront
Vaults:4: vaults_mumra_minichess_inversion, vaults_room_pools,
          nicolae_vaults_trapezoid_4, nicolae_vaults_closet_pinwheel_5,
          v_misc_12, nicolae_vaults_circle_grid_b, nicolae_vaults_what_the_h,
          v_misc_22, nicolae_vaults_layer_cake_slice,
          nicolae_vaults_little_squares_5, hangedman_vaults_cutoff,
          layout_vaults_maze_bifur, serial_shops, shop, uniq_saint_roka,
          uniq_sojobo
Vaults:5
Crypt:1:  layout_gridlike, basic_altar
Crypt:2:  layout_gridlike
Crypt:3:  grunt_crypt_end_deaths_head, uniq_zenata
Tomb:1:   uniq_boris
Tomb:2
Tomb:3
Depths:1: layout_basic, nicolae_hell_entry_hellmouth_sunbeams,
          hangedman_abyss_or_decor_stabs, pan_entry, serial_shops,
          nicolae_shop_trees, nzn_life_drinkers, minmay_shoptagon
Depths:2: minmay_octo_star, layout_honeycomb, hangedman_ru_absence,
          grunt_pan_entry_zigzag, pf_coc_iceberg, serial_sigils,
          serial_sigils_hangedman_confine, serial_sigils_hangedman_carve,
          serial_sigils_hangedman_scratch, serial_sigils_hangedman_gut,
          abyss_entry
Depths:3: minmay_octagon_city, layout_gridlike, minmay_misc_feat_alley,
          gammafunk_ghost_smash, hell_entry, abyss_entry,
          kennysheep_windowed_goal
Depths:4: grunt_twist_and_shout, layout_honeycomb, enter_ziggurat_f, hell_entry,
          nicolae_abyss_entry_one_way_or_another, fedhas_altar_1,
          rand_demon_pan_entry_4, serial_shops, bzr_in_the_mist,
          nicolae_uskayaw_murder_on_the_dancefloor, uniq_grunn
Zot:1:    layout_cathedral_of_symmetry, uniq_vv
Zot:2:    dreamdust_zin_vs_xom, layout_gridlike, gammafunk_ghost_arena,
          hangedman_zot_decor_unnerving_road, st_stairs_2
Zot:3:    layout_onion_interference, st_stairs_4, grunt_megastairs_4
Zot:4:    layout_twisted_circle, skrybe_zot_glass_2
Zot:5:    layout_misc_corridors, regret_index_zotdec_zees

Skill      XL: |  1  2  3  4  5  6  7  8  9 10 11 12 13 14 15 16 17 18 19 20 21 22 23 24 25 26 27 |
---------------+----------------------------------------------------------------------------------+-----
Earth Magic    | 4 5 6 7 9 10 11 14 16 18 19 22 | 22.0
Spellcasting   | 3 4 5 6 8 10 11 12 14 16 17 20 | 20.0
Conjurations   | 3 6 8 10 11 13 15 17 18 19 20 21 22 23 24 | 24.0
Fighting       | 3 5 9 10 11 16 18 19 | 19.3
Alchemy        | 2 5 6 |  6.0
Dodging        | 5 8 11 | 11.0
Invocations    | 4 5 9 10 17 | 17.0
Summonings     | 4 6 |  6.8
Fire Magic     | 3 6 9 12 14 18 21 24 | 24.0
Shields        | 4 |  4.0
Evocations     | 2 10 | 10.0
Polearms       | 7 |  7.4
Stealth        | |  2.1

Action                     |  1- 3 |  4- 6 |  7- 9 | 10-12 | 13-15 | 16-18 | 19-21 | 22-24 | 25-27 || total
---------------------------+-------+-------+-------+-------+-------+-------+-------+-------+-------++-------
  Melee: Unarmed           |     4 |     8 |     3 |    28 |       |       |       |       |       ||    43
         Quarterstaff      |       |       |       |    10 |    66 |       |       |       |       ||    76
         Punch             |       |       |       |     1 |     1 |     1 |       |     1 |     1 ||     5
         Staff             |       |       |       |       |    42 |    59 |    13 |    19 |   143 ||   276
         Demon trident     |       |       |       |       |       |       |       |       |    17 ||    17
   Cast: Sandblast         |    42 |    67 |   146 |   385 |   526 |    19 |     2 |       |       ||  1187
         Stone Arrow       |       |       |    11 |    79 |   173 |    85 |       |       |       ||   348
         Irradiate         |       |       |       |     4 |   102 |    16 |     8 |     2 |    17 ||   149
         Borgnjor's Vile C |       |       |       |       |    38 |     6 |    44 |    55 |    12 ||   155
         Lehudib's Crystal |       |       |       |       |     1 |     4 |     7 |    26 |   423 ||   461
         Bombard           |       |       |       |       |       |   362 |   343 |   368 |       ||  1073
         Spellforged Servi |       |       |       |       |       |    73 |   125 |   141 |    11 ||   350
         Fire Storm        |       |       |       |       |       |       |       |    30 |   207 ||   237
         Shatter           |       |       |       |       |       |       |       |     3 |     1 ||     4
         Ignition          |       |       |       |       |       |       |       |       |    18 ||    18
 Invoke: Channel Magic     |       |       |       |       |     1 |     6 |     7 |     6 |    36 ||    56
  Evoke: Wand              |       |       |       |     1 |     1 |     5 |       |       |       ||     7
         Phial of floods   |       |       |       |       |       |     1 |       |       |       ||     1
         Lightning rod     |       |       |       |       |       |       |     2 |       |       ||     2
    Use: Scroll            |     3 |     3 |     3 |    11 |    10 |    22 |     2 |     9 |    15 ||    78
         Potion            |       |     1 |       |     4 |     3 |     6 |     2 |     2 |    22 ||    40
   Stab: Distracted        |       |       |       |       |       |     1 |       |       |       ||     1
 Armour: Robe              |    11 |    34 |       |       |   169 |   529 |    49 |       |       ||   792
         Leather armour    |       |    24 |    67 |   324 |   381 |     9 |   217 |   252 |   477 ||  1751
         Acid dragon scale |       |       |       |    12 |       |       |       |       |       ||    12
         Skin              |       |       |       |       |       |       |       |       |     8 ||     8
  Dodge: Dodged            |    14 |    31 |    60 |   395 |   703 |   494 |   181 |   280 |   580 ||  2738
  Block: Buckler           |       |       |       |       |       |       |       |       |    82 ||    82
